 Dungeon Crawl Stone Soup version 0.28.0-47-ge53b351184 (webtiles) character file.

Game seed: 4933499610601521333

14 GigaChad the Covered (level 2, 0/25 HPs)
             Began as a Barachi Fighter on Apr 28, 2022.
             Was a Follower of Makhleb.
             Slain by a kobold
             ... wielding a +0 whip
              (4 damage)
             ... on level 1 of the Dungeon.
             The game lasted 00:01:36 (713 turns).

GigaChad the Covered (Barachi Fighter)               Turns: 713, Time: 00:01:38

Health: 0/25       AC:  7    Str: 17    XL:     2   Next: 41%
Magic:  2/2        EV: 13    Int:  8    God:    Makhleb [*.....]
Gold:   12         SH:  4    Dex: 11    Spells: 1/1 levels left

rFire   . . .      SeeInvis .   a - +0 long sword
rCold   . . .      Faith    .   c - +0 buckler
rNeg    . . .      Spirit   .   b - +0 scale mail
rPois   .          Reflect  .   (no helmet)
rElec   .          Harm     .   (no cloak)
rCorr   .          Rampage  .   (no gloves)
Will    .....                   (no boots)
Stlth   ..........              (no amulet)
HPRegen 0.08/turn               e - +4 ring of evasion
MPRegen 0.08/turn               (no ring)

@: slow
A: amphibious, slowness 1, strong legs 1, +LOS
a: Hop, Renounce Religion


You were on level 1 of the Dungeon.
You worshipped Makhleb.
Makhleb was aware of your devotion.
You visited 1 branch of the dungeon, and saw 1 of its levels.

You collected 12 gold pieces.

Inventory:

Hand Weapons
 a - a +0 long sword (weapon)
Armour
 b - a +0 scale mail (worn)
 c - a +0 buckler (worn)
Jewellery
 e - a +4 ring of evasion (left hand)
 g - a ring of protection from fire
Scrolls
 h - 2 scrolls of identify {unknown}
Potions
 d - a potion of might


   Skills:
 + Level 3.9 Fighting
 + Level 2.7 Long Blades
 + Level 3.9 Armour
 + Level 3.5 Shields


You had one spell level left.
You didn't know any spells.
Your spell library was empty.

Dungeon Overview and Level Annotations

Branches:
Dungeon (1/15)

Altars:
Makhleb


Innate Abilities, Weirdness & Mutations

You are amphibious.
You cover ground slowly.
You can hop short distances.
You have an extended range of vision and can be seen from far away.


Message History

The bat hits you but does no damage. The kobold hits you but does no damage.
The endoplasm freezes you.
You are frozen.
The dart slug bites you but does no damage.
The bat closely misses you.
The kobold hits you but does no damage. x2
You closely miss the bat. The bat barely misses you.
You block the endoplasm's attack. The kobold hits you but does no damage.
The kobold hits you with a +0 dagger.
The dart slug bites you but does no damage.
The bat closely misses you. x2; You block the endoplasm's attack.
The kobold completely misses you.
The kobold throws a stone.
The stone completely misses you. The endoplasm freezes you.
You are frozen.
The bat misses you. x2
The endoplasm freezes you.
You are frozen.
You block the bat's attack. The bat hits you but does no damage.
The bat hits you but does no damage. The kobold closely misses you.
The bat completely misses you. The bat misses you. The bat misses you.
The bat closely misses you. The bat hits you but does no damage.
The endoplasm freezes you.
You are frozen.
The kobold throws a stone.
The stone barely misses you. The bat closely misses you.
The bat closely misses you. You block the bat's attack.
You closely miss the bat. The bat barely misses you. The endoplasm freezes you.
You are frozen.
The kobold throws a stone.
The stone hits you but does no damage. The kobold hits you but does no damage.
The endoplasm hits you but does no damage.
You block the bat's attack. The bat misses you. The quokka barely misses you.
The kobold hits you with a +0 dagger.
The quokka bites you but does no damage.
The endoplasm freezes you.
You are frozen.
* * * LOW HITPOINT WARNING * * *
The kobold hits you with a +0 whip.
You die...

..................# ****,,....#.
.###'###..........#####***#.....#
##...# ##+....♣........#**.......
.#.#####,##.......#***..##.......
.#.....#,*###.....# **..........
######.#,,,,#.....# *#.........
#......#,**,##..†.######.#.......
#.######.#*,,#'.KK##..........!..
#......(.#*#..#.@bw..............
####.########*##Jr........#.....#
####'##...###**#.........##*...##
..'...'.#.....##...#.....# **####
###.<.#####,#..'.........########
#.'...'...#,####..#........†...##
..##'####.#,***#....#.##.#####.##
.###.####,*,,,##....#.##.#####...
.* #....#,***,#.......##.....##..


You could see a dart slug, an endoplasm, a quokka, a bat and 2 kobolds.

Vanquished Creatures
  An endoplasm (D:1)
  A giant cockroach (D:1)
  A goblin (D:1)
  A hobgoblin (D:1)
  2 jackals (D:1)
  A quokka (D:1)
  2 bats (D:1)
  A frilled lizard (D:1)
  A kobold (D:1)
  2 rats (D:1)
13 creatures vanquished.

Vanquished Creatures (others)
  A withered plant (D:1)
1 creature vanquished.

Grand Total: 14 creatures vanquished

Notes
Turn   | Place    | Note
-------+----------+-------------------------------------------
     0 | D:1      | GigaChad the Barachi Fighter began the quest for the Orb.
     0 | D:1      | Reached XP level 1. HP: 18/18 MP: 1/1
   104 | D:1      | Found a faded altar of an unknown god.
   449 | D:1      | Prayed at the altar of an unknown god.
   449 | D:1      | Became a worshipper of Makhleb the Destroyer
   449 | D:1      | Reached * piety under Makhleb
   549 | D:1      | Reached XP level 2. HP: 22/25 MP: 2/2
   713 | D:1      | Slain by a kobold

Illustrated notes

Levels and vault maps discovered:
D:1:      nicolae_arrival_somewhat_less_tricky_arrival, layout_rooms,
          ebering_ecumenical_altar_petrified

Action                   || total
-------------------------++-------
Melee: Long sword        ||    42
  Use: Scroll            ||     1
Armor: Scale mail        ||    37
Dodge: Dodged            ||    75
Block: Buckler           ||    23
